 Dungeon Crawl Stone Soup version 0.30-a0-711-gf4ac18a38d (webtiles) character file.

Game seed: 4711425583023677316

49435 Newt the Carver (level 14, -34/110 HPs)
             Began as a Demonspawn Gladiator on Jan 22, 2023.
             Was a High Priest of Makhleb.
             Killed from afar by a molten gargoyle (52 damage)
             ... with a bolt of magma
             ... on level 5 of the Lair of Beasts.
             The game lasted 00:29:05 (16192 turns).

Newt the Carver (Demonspawn Gladiator)             Turns: 16192, Time: 00:29:05

Health: -34/110    AC: 26    Str: 27    XL:     14   Next: 16%
Magic:  18/18      EV:  9    Int: 10    God:    Makhleb [*****.]
Gold:   738        SH: 23    Dex: 27    Spells: 13/13 levels left

rFire   x . .      SeeInvis .    C - +8 autumn katana {manifold assault}
rCold   + + .      Faith    .    P - +0 tower shield {reflect}
rNeg    . . .      Spirit   .    g - +2 ice dragon scales of Vlad {rF- rC++ Regen+ Dex+5}
rPois   +          Reflect  +    c - +0 helmet
rElec   .          Harm     .    i - +1 cloak
rCorr   .          Rampage  .    r - +0 pair of gloves of Weightlessness {rPois Str+3}
Will    +....      Clarity  +    Z - +1 pair of boots
Stlth   +                        B - amulet of reflection
HPRegen 1.18/turn                v - +6 ring of strength
MPRegen 0.16/turn                F - +6 ring of dexterity

@: no status effects
A: slimy green scales 2, powered by pain 1, spiny 3, corrupting presence 1,
demonic touch 2, talons 1, clarity
a: Renounce Religion, Minor Destruction, Lesser Servant of Makhleb, Major
Destruction, Greater Servant of Makhleb


You were on level 5 of the Lair of Beasts.
You worshipped Makhleb.
Makhleb was extremely pleased with you.
You visited 3 branches of the dungeon, and saw 17 of its levels.
You also visited: Sewer and Bailey.

You collected 1604 gold pieces.
You spent 866 gold pieces at shops.

Inventory:

Hand Weapons
 n - a +9 great sword of flaming
 C - the +8 autumn katana (weapon) {manifold assault}
   (You bought it in a shop on level 10 of the Dungeon)

   Manifold Assault: It sometimes launches melee attacks against multiple
   visible enemies.
Missiles
 d - 7 throwing nets
 j - 44 poisoned darts
 l - a javelin
 Q - 8 boomerangs (quivered)
Armour
 c - a +0 helmet (worn)
 g - the +2 ice dragon scales of Vlad (worn) {rF- rC++ Regen+ Dex+5}
   (You took it off an orc knight in a bailey)

   Dex:       It affects your dexterity (+5).
   rF:        It makes you vulnerable to fire.
   rC:        It greatly protects you from cold.
   Regen:     It increases your rate of health regeneration.
 i - a +1 cloak (worn)
 r - the +0 pair of gloves of Weightlessness (worn) {rPois Str+3}
   (You found it on level 7 of the Dungeon)

   Str:       It affects your strength (+3).
   rPois:     It protects you from poison.
 P - a +0 tower shield of reflection (worn)
 Z - a +1 pair of boots (worn)
Jewellery
 u - an amulet of faith
 v - a +6 ring of strength (left hand)
 B - an amulet of reflection (around neck)
 F - a +6 ring of dexterity (right hand)
 G - a ring of see invisible
Wands
 k - a wand of flame (28)
 w - a wand of digging (30)
 N - a wand of mindburst (4)
 R - a wand of quicksilver (10)
 S - a wand of roots (16)
 W - a wand of charming (12)
Scrolls
 a - a scroll of poison
 b - 8 scrolls of identify
 h - a scroll of fear
 s - a scroll of enchant armour
 y - a scroll of magic mapping
 H - a scroll of fog
 I - 7 scrolls of teleportation
 J - a scroll of butterflies
 M - a scroll of blinking
 O - a scroll of silence
 X - 4 scrolls of enchant weapon
Potions
 e - 5 potions of mutation
 f - 4 potions of brilliance
 m - 4 potions of haste
 o - 4 potions of lignification
 p - a potion of cancellation
 q - 7 potions of ambrosia
 x - 8 potions of might
 z - a potion of resistance
 A - 9 potions of curing
 D - 3 potions of heal wounds
 L - a potion of magic
 V - 3 potions of flight
 Y - 2 potions of berserk rage
Miscellaneous
 E - a phial of floods
 T - a condenser vane
 U - a lightning rod (4/4)


   Skills:
 - Level 10.0 Fighting
 - Level 2.6(9.4) Short Blades
 - Level 13.8(14.0) Long Blades
 + Level 3.0 Throwing
 - Level 11.0 Armour
 - Level 2.6 Dodging
 - Level 2.0 Stealth
 - Level 7.0 Shields
 - Level 6.0 Invocations
 - Level 9.0 Evocations


You had 13 spell levels left.
You didn't know any spells.
Your spell library contained the following spells:

 Spells                   Type           Power      Damage    Failure   Level
 Kiss of Death            Conj/Necr      0%         2d5       100%        1
 Slow                     Hex            0%         N/A       100%        1
 Blink                    Tloc           0%         N/A       100%        2
 Lesser Beckoning         Tloc           0%         N/A       100%        2
 Momentum Strike          Conj/Tloc      0%         3d8       100%        2
 Confusing Touch          Hex            0%         N/A       100%        3
 Frozen Ramparts          Ice            0%         1d1       100%        3
 Stone Arrow              Conj/Erth      0%         3d7       100%        3
 Vampiric Draining        Necr           0%         2d6       100%        3
 Animate Armour           Summ/Erth      0%         N/A       100%        4
 Dispel Undead            Necr           0%         3d6       100%        4
 Ice Form                 Ice/Tmut       0%         N/A       100%        4
 Leda's Liquefaction      Hex/Erth       0%         N/A       100%        4
 Petrify                  Tmut/Erth      0%         N/A       100%        4
 Summon Ice Beast         Ice/Summ       0%         N/A       100%        4
 Lee's Rapid Deconstruct  Erth           0%         3d4*      100%        5
 Metabolic Englaciation   Hex/Ice        0%         N/A       100%        5
 Statue Form              Tmut/Erth      0%         N/A       100%        6
 Malign Gateway           Summ/Tloc      0%         N/A       100%        7
 Lehudib's Crystal Spear  Conj/Erth      0%         10d2      100%        8
 Summon Horrible Things   Summ           0%         N/A       100%        8


Dungeon Overview and Level Annotations

Branches:
Dungeon (11/15)            Temple (1/1) D:4            Lair (5/5) D:10
  Swamp (0/4) Lair:2        Snake (0/4) Lair:3        Slime (0/5) Lair:5
    Orc (0/2) D:9           Sewer (visited)          Bailey (visited)

Altars:
Ashenzari
Cheibriados
Dithmenos
Fedhas
Gozag
Hepliaklqana
Kikubaaqudgha
Makhleb
Nemelex Xobeh
Okawaru
Qazlal
Ru
Sif Muna
Trog
Uskayaw
Vehumet
Wu Jian
Xom
Yredelemnul
Jiyva

Shops:
D:7 :   D:8 !   D:9 :   D:10 =((

Annotations:
Lair:5 1 runed translucent door


Innate Abilities, Weirdness & Mutations

You are mostly covered in slimy green scales. (AC +3)
You sometimes gain a little power by taking damage.
You are completely covered in sharp spines.
Your presence sometimes corrodes those you injure.
Your touch may inflict irresistible damage on your foes.
You have sharp toenails.
You possess an exceptional clarity of mind.


Message History

The six-headed hydra is almost dead.
The javelin barely misses the molten gargoyle.
The six-headed hydra is struck by your spines.
You kill the six-headed hydra!
Makhleb accepts your kill.
The molten gargoyle blasts magma at you!
The bolt of magma hits the molten gargoyle!
The molten gargoyle partially resists.
The bolt of magma hits you. The lava burns you terribly!
You hit the molten gargoyle but do no damage.
The molten gargoyle is heavily damaged.
The molten gargoyle closely misses you.
You slash the molten gargoyle!
The molten gargoyle is almost destroyed.
The molten gargoyle blasts magma at you!
The bolt of magma misses you.
You barely miss the molten gargoyle.
The molten gargoyle is almost destroyed.
The molten gargoyle blasts magma at you!
The bolt of magma hits you! The lava burns you terribly!
You hit the molten gargoyle.
You destroy the molten gargoyle!
Makhleb accepts your kill.
You feel better.
Your Throwing skill increases to level 3!
You hit the molten gargoyle.
The molten gargoyle is lightly damaged.
You block the molten gargoyle's attack.
You slash the molten gargoyle!
The molten gargoyle is moderately damaged.
The molten gargoyle blasts magma at you!
The bolt of magma hits you!!! The lava burns you terribly!
* * * LOW HITPOINT WARNING * * *
You slash the molten gargoyle!
The molten gargoyle is severely damaged.
You hit the molten gargoyle.
The molten gargoyle is almost destroyed.
The molten gargoyle blasts magma at you!
The bolt of magma hits you!!! The lava burns you terribly!
You die...

....§...
##............#
........≈
##.(........##
........≈#
##..#.......##
§§##....§§
#.#.........##
#...P.......P#
#...........P#
#..#.........#
#9##†........#
##@P#P.......##
#..##........#
#..#####...###
#...## ##..#
##....# #.##
#[....# ###
#.....#
##.....#
#.....###


You could see a molten gargoyle.

Vanquished Creatures
  Kirke (Lair:2)
  Josephine (Lair:5)
  Harold (D:10)
  10 hydras
  The ghost of Vade Gum the Slicer, a journeyman DsGl of Uskayaw (Lair:3)
  The ghost of Vade Gum the Slicer, a journeyman DsGl of Uskayaw (Lair:3)
  2 centaur warriors (D:10)
  Erica (D:8)
  The ghost of Fiji Kou the Summoner, a journeyman FeSu of Gozag (Lair:3)
  A boulder beetle (Lair:1)
  2 two-headed ogres (D:10)
  Urug (Lair:5)
  Sonja (Lair:4)
  Lodul (D:10)
  A skeletal warrior (D:10)
  2 orc knights
  Pikel (D:8)
  A wizard (D:10)
  3 bog bodies (Lair:2)
  2 cyclopes (D:10)
  6 elephants (Lair:4)
  4 black mambas
  Maurice (D:8)
  A molten gargoyle (Lair:5)
  Joseph (D:8)
  A gargoyle (D:10)
  14 cane toads
  An unseen horror (D:10)
  5 komodo dragons
  A rime drake (Lair:3)
  An efreet (D:10)
  A queen bee (D:9)
  Prince Ribbit (D:8)
  A meliai (shapeshifter) (D:10)
  5 dream sheep (Lair:5)
  15 blink frogs
  Sigmund (D:3)
  A vampire (D:10)
  4 wraiths
  A shadow (D:10)
  6 wyverns
  15 yaks
  2 basilisks
  A vampire mosquito (D:10)
  4 hogs (Lair:2)
  Menkaure (D:7)
  2 swamp worms (Lair:2)
  A naga (Lair:3)
  11 water moccasins
  9 orc warriors
  3 ice beasts
  Pargi (Sewer)
  2 black bears
  17 wolves
  9 ogres
  A lemure (D:8)
  A centaur (D:6)
  4 kobold brigands
  11 bullfrogs
  3 scorpions
  A necrophage (D:7)
  12 wights
  34 killer bees
  2 electric eels
  4 howler monkeys
  3 jellies
  7 orc priests
  3 hounds
  2 gnoll boudas
  Crazy Yiuf (D:2)
  2 iguanas
  12 orc wizards
  A mummy (D:7)
  16 gnolls
  6 adders
  A river rat (D:3)
  2 white imps
  A worm (D:3)
  3 dart slugs
  60 orcs
  6 ball pythons
  7 bats
  11 endoplasms
  2 giant cockroaches (D:2)
  4 hobgoblins
  2 jackals (D:2)
  24 kobolds
  4 quokkas
  13 frilled lizards
  10 goblins
  8 rats
469 creatures vanquished.

Vanquished Creatures (others)
  A demonspawn (D:1)
  2 octopodes (D:1)
  An elf (D:1)
  2 merfolk (D:1)
  A spriggan (D:1)
  3 humans
  A naga (D:1)
  A dwarf (D:1)
  A kobold (D:1)
  12 fungi
  30 plants
  12 tentacles (D:1)
  4 withered plants (Lair:3)
71 creatures vanquished.

Grand Total: 540 creatures vanquished

Notes
Turn   | Place    | Note
-------+----------+-------------------------------------------
     0 | D:1      | Newt the Demonspawn Gladiator began the quest for the Orb.
     0 | D:1      | Reached XP level 1. HP: 16/16 MP: 1/1
     0 | D:1      | Noticed a demonspawn
     0 | D:1      | Noticed a dwarf
     0 | D:1      | Noticed a human
     0 | D:1      | Noticed a spriggan
     0 | D:1      | Noticed a kraken
     0 | D:1      | Noticed a human
     0 | D:1      | Noticed an octopode
     0 | D:1      | Noticed a merfolk
     0 | D:1      | Noticed an elf
     0 | D:1      | Noticed an octopode
     0 | D:1      | Noticed a merfolk
     0 | D:1      | Noticed a naga
     5 | D:1      | Killed a human
     5 | D:1      | Killed a merfolk
     8 | D:1      | Killed a spriggan
    10 | D:1      | Killed an octopode
    11 | D:1      | Killed an elf
    12 | D:1      | Killed a human
    13 | D:1      | Killed a demonspawn
    14 | D:1      | Killed an octopode
    14 | D:1      | Killed a naga
    16 | D:1      | Killed a dwarf
    21 | D:1      | Killed a merfolk
    30 | D:1      | Reached skill level 1 in Stealth
    84 | D:1      | Gained mutation: Your touch may inflict minor irresistible
                  | damage on your foes. [demonic ancestry]
    84 | D:1      | Reached XP level 2. HP: 22/22 MP: 2/2
   194 | D:1      | You fall into a shaft and drop 1 floor!
   614 | D:1      | Reached XP level 3. HP: 27/28 MP: 3/3
   953 | D:2      | Identified a scroll of acquirement
   953 | D:2      | Acquired a +7 great sword of flaming
  1077 | D:2      | Gained mutation: You are partially covered in sharp spines.
                  | [demonic ancestry]
  1077 | D:2      | Reached XP level 4. HP: 31/37 MP: 4/4
  1310 | D:2      | Reached skill level 1 in Long Blades
  1498 | D:2      | Found a runed translucent door.
  1499 | D:2      | Noticed Crazy Yiuf
  1507 | D:2      | Killed Crazy Yiuf
  1572 | D:3      | Reached skill level 2 in Long Blades
  1572 | D:3      | Reached XP level 5. HP: 42/42 MP: 5/5
  1722 | D:3      | Found a glowing drain.
  1726 | Sewer    | Entered a sewer
  1807 | Sewer    | Noticed Pargi
  1817 | Sewer    | Killed Pargi
  1818 | Sewer    | Reached skill level 3 in Long Blades
  2075 | D:3      | Noticed Sigmund
  2081 | D:3      | Gained mutation: You are mostly covered in sharp spines.
                  | [demonic ancestry]
  2081 | D:3      | Reached XP level 6. HP: 19/48 MP: 6/6
  2446 | D:3      | Reached skill level 4 in Long Blades
  2448 | D:3      | Killed Sigmund
  2449 | D:3      | Reached skill level 5 in Long Blades
  2955 | D:4      | Gained mutation: You sometimes gain a little power by
                  | taking damage. [demonic ancestry]
  2955 | D:4      | Reached XP level 7. HP: 53/54 MP: 7/7
  2957 | D:4      | Gained mutation: Your body sometimes deteriorates upon
                  | taking damage. [potion of mutation]
  2958 | D:4      | Lost mutation: Your body sometimes deteriorates upon taking
                  | damage. [potion of mutation]
  2958 | D:4      | Gained mutation: You possess an exceptional clarity of
                  | mind. [potion of mutation]
  2958 | D:4      | Gained mutation: You have sharp toenails. [potion of
                  | mutation]
  3230 | D:4      | Reached skill level 1 in Armour
  3938 | D:4      | Found a staircase to the Ecumenical Temple.
  4173 | Temple   | Entered the Ecumenical Temple
  4355 | Temple   | Became a worshipper of Makhleb the Destroyer
  4431 | D:5      | Entered Level 5 of the Dungeon
  4582 | D:5      | Gained mutation: You are partially covered in slimy green
                  | scales. (AC +2) [demonic ancestry]
  4582 | D:5      | Reached XP level 8. HP: 29/60 MP: 8/8
  5007 | D:5      | Reached skill level 5 in Armour
  5364 | D:5      | Reached skill level 5 in Fighting
  5597 | D:6      | Reached * piety under Makhleb
  6123 | D:6      | Identified the +7 shortbow "Ziegibus" {drain, rElec rPois
                  | rF+ Int+4}
  6199 | D:6      | Found an ancient bone altar of Kikubaaqudgha.
  6199 | D:6      | Found a faded altar of an unknown god.
  6207 | D:6      | Found a faded altar of an unknown god.
  6212 | D:6      | Found a radiant altar of Vehumet.
  6214 | D:6      | Found a basalt altar of Yredelemnul.
  6217 | D:6      | Reached skill level 5 in Invocations
  6468 | D:7      | Reached ** piety under Makhleb
  6482 | D:7      | Reached skill level 6 in Long Blades
  6482 | D:7      | Gained mutation: You are completely covered in sharp
                  | spines. [demonic ancestry]
  6482 | D:7      | Reached XP level 9. HP: 69/69 MP: 13/13
  6557 | D:7      | Identified the +0 pair of gloves of Weightlessness {rPois
                  | Str+3}
  6605 | D:7      | Found a flagged portal.
  6616 | Bailey   | Entered a bailey
  6938 | Bailey   | Noticed an orc knight
  7011 | Bailey   | Reached skill level 7 in Long Blades
  7182 | Bailey   | Identified the +2 ice dragon scales of Vlad {rF- rC++
                  | Regen+ Dex+5}
  7220 | Bailey   | Killed an orc knight
  7221 | Bailey   | Reached skill level 8 in Long Blades
  7386 | D:7      | Noticed Menkaure
  7391 | D:7      | Killed Menkaure
  7419 | D:7      | Reached skill level 9 in Long Blades
  7436 | D:7      | Reached *** piety under Makhleb
  7518 | D:7      | Found a snail-covered altar of Cheibriados.
  7653 | D:7      | Found Meyruwex's Tremendous Tomes.
  7878 | D:7      | Gained mutation: Your presence sometimes corrodes those you
                  | injure. [demonic ancestry]
  7878 | D:7      | Reached XP level 10. HP: 75/76 MP: 14/14
  8035 | D:8      | Noticed Prince Ribbit
  8043 | D:8      | Killed Prince Ribbit
  8188 | D:8      | Noticed Pikel
  8193 | D:8      | Killed Pikel
  8193 | D:8      | Reached **** piety under Makhleb
  8214 | D:8      | Noticed Maurice
  8224 | D:8      | Killed Maurice
  8354 | D:8      | Noticed Joseph
  8362 | D:8      | Killed Joseph
  8375 | D:8      | Noticed Erica
  8383 | D:8      | Killed Erica
  8401 | D:8      | Found a hide-covered altar of Uskayaw.
  8497 | D:8      | Found Vuedas's Distillery.
  8505 | D:8      | Bought a potion of curing for 42 gold pieces
  8505 | D:8      | Bought 2 potions of flight for 84 gold pieces
  8505 | D:8      | Bought a potion of heal wounds for 70 gold pieces
  8505 | D:8      | Bought a potion of degeneration for 14 gold pieces
  8898 | D:9      | Reached skill level 10 in Long Blades
  8920 | D:9      | Found a staircase to the Orcish Mines.
  8924 | D:9      | Reached ***** piety under Makhleb
  8979 | D:9      | Found Gahida's Self-Improvement Boutique.
  9059 | D:9      | Gained mutation: You are mostly covered in slimy green
                  | scales. (AC +3) [demonic ancestry]
  9059 | D:9      | Reached XP level 11. HP: 81/81 MP: 15/15
  9367 | D:10     | Entered Level 10 of the Dungeon
  9404 | D:10     | Reached skill level 11 in Long Blades
  9412 | D:10     | Noticed a two-headed ogre
  9416 | D:10     | Killed a two-headed ogre
  9443 | D:10     | Found Ozetseil's Jewellery Boutique.
  9448 | D:10     | Noticed Harold
  9451 | D:10     | Found Etoghu Zesee's Weapon Shop.
  9455 | D:10     | Killed Harold
  9489 | D:10     | Noticed a skeletal warrior
  9498 | D:10     | Killed a skeletal warrior
  9499 | D:10     | Reached skill level 12 in Long Blades
  9527 | D:10     | Noticed a centaur warrior
  9527 | D:10     | Noticed a six-headed hydra
  9527 | D:10     | Noticed an orc knight
  9527 | D:10     | Noticed a wizard
  9527 | D:10     | Noticed a centaur warrior
  9536 | D:10     | Killed a centaur warrior
  9540 | D:10     | Killed a four-headed hydra
  9542 | D:10     | Killed a centaur warrior
  9543 | D:10     | Reached skill level 13 in Long Blades
  9546 | D:10     | Killed an orc knight
  9548 | D:10     | Killed a wizard
  9667 | D:10     | Found the +6 lightning scales {swift, rElec}
  9730 | D:10     | Identified the +9 chain mail of the Thinker {Harm rElec rF-
                  | Int+7}
  9858 | D:10     | Found a staircase to the Lair.
  9860 | D:10     | Noticed a two-headed ogre
  9866 | D:10     | Killed a two-headed ogre
  9867 | D:10     | Reached skill level 1 in Evocations
  9867 | D:10     | Reached XP level 12. HP: 85/88 MP: 16/16
  9875 | D:10     | Noticed Lodul
  9884 | D:10     | Killed Lodul
  9889 | D:10     | HP: 4/88 [ogre/+0 giant club[Lodul] (8)]
 10143 | D:10     | Found Rioni's Weapon Shop.
 10482 | D:10     | Identified the +7 war axe "Gushriont" {freeze, +Blink Fly
                  | Will+ Str+3}
 10757 | D:10     | Bought the +8 autumn katana {manifold assault} for 656 gold
                  | pieces
 10757 | D:10     | Found the +8 autumn katana {manifold assault}
 10830 | Lair:1   | Entered Level 1 of the Lair of Beasts
 10870 | Lair:1   | Noticed a boulder beetle
 10873 | Lair:1   | Found a hide-covered altar of Uskayaw.
 10873 | Lair:1   | Found an ornate altar of the Wu Jian Council.
 10876 | Lair:1   | Killed a boulder beetle
 10876 | Lair:1   | Noticed a six-headed hydra
 10877 | Lair:1   | Reached skill level 5 in Evocations
 10886 | Lair:1   | Killed a 12-headed hydra
 10919 | Lair:1   | Reached ****** piety under Makhleb
 11839 | Lair:2   | Found a staircase to the Swamp.
 11970 | Lair:2   | Reached skill level 10 in Fighting
 11971 | Lair:2   | Reached skill level 1 in Shields
 12188 | Lair:2   | Noticed a five-headed hydra
 12192 | Lair:2   | Noticed an Executioner
 12401 | Lair:2   | Killed a 12-headed hydra
 12979 | Lair:3   | Noticed Kirke
 12981 | Lair:3   | Noticed a six-headed hydra
 13100 | Lair:2   | Gained mutation: Your touch may inflict irresistible damage
                  | on your foes. [demonic ancestry]
 13100 | Lair:2   | Reached XP level 13. HP: 103/103 MP: 17/17
 13382 | Lair:2   | Killed Kirke
 13383 | Lair:2   | Reached skill level 5 in Shields
 13803 | Lair:3   | Found a staircase to the Snake Pit.
 13807 | Lair:3   | Found a bloodstained altar of Trog.
 14383 | Lair:3   | Identified the +10 shortbow of Infinite Pain {freeze,
                  | Int+2}
 14710 | Lair:3   | Found a runed translucent gate.
 14710 | Lair:3   | Found a runed translucent gate.
 14710 | Lair:3   | Found a runed translucent gate.
 14710 | Lair:3   | Noticed Vade Gum's ghost (journeyman DsGl)
 14710 | Lair:3   | Noticed Fiji Kou's ghost (journeyman FeSu)
 14710 | Lair:3   | Noticed Vade Gum's ghost (journeyman DsGl)
 14917 | Lair:3   | Killed Fiji Kou's ghost
 14919 | Lair:3   | Killed Vade Gum's ghost
 14925 | Lair:3   | Killed Vade Gum's ghost
 15022 | Lair:4   | Noticed Sonja
 15026 | Lair:4   | Killed Sonja
 15343 | Lair:4   | Identified the +6 trident of the Unseen Realm {speed, rElec
                  | rPois rF+ Int-3}
 15443 | Lair:4   | You fall into a shaft and drop 1 floor!
 15443 | Lair:5   | Entered Level 5 of the Lair of Beasts
 15443 | Lair:5   | Noticed Urug
 15456 | Lair:5   | Killed Urug
 15561 | Lair:5   | Noticed Josephine
 15573 | Lair:5   | Killed Josephine
 15574 | Lair:5   | Reached skill level 10 in Armour
 15600 | Lair:5   | Reached XP level 14. HP: 104/110 MP: 18/18
 15985 | Lair:5   | Found a runed translucent door.
 15986 | Lair:5   | Found a viscous altar of Jiyva.
 15988 | Lair:5   | Found a staircase to the Slime Pits.
 16192 | Lair:5   | Killed from afar by a molten gargoyle

Illustrated notes

Levels and vault maps discovered:
D:1:      nicolae_arrival_kraken_aquarium_a, layout_basic
D:2:      layout_loops_ring, uniq_crazy_yiuf_cottage
D:3:      layout_loops_ring, gup_sewer_entry_spiral, uniq_sigmund
D:4:      layout_basic, temple_hall
D:5:      layout_rooms, serial_bayou, serial_bayou_lake_a,
          serial_bayou_crossing, serial_bayou_shore_b, serial_bayou_pond_e,
          palyth_stone_intersect, dreamdust_mushroom_princess, moated_statue
D:6:      layout_loops_ring, chequers_temple_overflow_minitemple,
          lexackson_kobold_supper
D:7:      layout_gridville, slow_altar_1, enter_bailey_5,
          nicolae_shop_i_like_big_books, uniq_menkaure
D:8:      nicolae_hitomezashi [nicolae_hito_row, nicolae_hito_row,
          nicolae_hito_row, nicolae_hito_row, nicolae_hito_row,
          nicolae_hito_row, nicolae_hito_row, nicolae_hito_row,
          nicolae_hito_row, nicolae_hito_row, nicolae_hito_row,
          nicolae_hito_row, nicolae_hito_row, nicolae_hito_row,
          nicolae_hito_row, nicolae_hito_row, nicolae_hito_row,
          nicolae_hito_row], layout_gridville, nicolae_uskayaw_suspiria,
          serial_glass, glass_columns_a, glass_columns_a, glass_columns_b,
          glass_columns_a, glass_columns_a, minmay_crystal_water,
          nicolae_stop_n_shop_2, uniq_pikel, uniq_erica, uniq_joseph,
          uniq_maurice, uniq_prince_ribbit1
D:9:      layout_basic, david_orc_2, special_room [special_room_bee],
          nicolae_shop_self_help
D:10:     minmay_the_grid_four_pointed_star
          [minmay_the_grid_triangle_9x9_odd_lines,
          minmay_the_grid_triangle_9x9_impossible_snake,
          minmay_the_grid_triangle_9x9_warning,
          minmay_the_grid_triangle_9x9_checkered,
          minmay_the_grid_prize_big_room], layout_long_grid, lair_entry_dummy,
          serial_shops, nicolae_diamond_shop, nicolae_shop_bloodbath_and_beyond,
          shop, serial_co_window_serial, co_window_of_opportunity_a,
          co_window_paths_a, co_window_paths_b, co_window_paths_a,
          co_window_paths_a, co_window_corner_a, co_window_of_opportunity_a,
          co_window_broadway_a, co_window_corner_cb, co_window_corner_b,
          co_window_2corner, co_window_paths_e, uniq_lodul, uniq_harold
D:11:     layout_rooms, serial_shops, nicolae_shop_behind_doors, shop,
          serial_bayou_lagoon_a
Temple:   minmay_crystal_spiral_temple
Lair:1:   layout_cellular_growth, nzn_masters_of_martial_movement,
          infiniplex_staircase_pool
Lair:2:   layout_cave_pods, nicolae_swamp_entry_splash_gauntlet
Lair:3:   layout_cellular_growth, guppyfry_snake_entry_island, basic_altar,
          gammafunk_ghost_cemetery, uniq_kirke
Lair:4:   layout_roguey, serial_bayou_shore_a, grunt_megastairs_4, uniq_sonja
Lair:5:   cheibrodos_lair_end_hotspot, layout_gridlike, slime_entry_2,
          serial_bayou_pond_c, uniq_josephine, uniq_urug

Skill      XL: |  1  2  3  4  5  6  7  8  9 10 11 12 13 14 |
---------------+-------------------------------------------+-----
Stealth        | 1 2 |  2.0
Fighting       | 3 4 6 10 | 10.0
Long Blades    | 2 3 5 6 9 10 13 | 13.8
Armour         | 4 5 9 10 11 | 11.0
Invocations    | 6 |  6.0
Evocations     | 1 5 9 |  9.0
Shields        | 4 7 |  7.0
Throwing       | 3 |  3.0
Short Blades   | |  2.6
Dodging        | |  2.6

Action                     |  1- 3 |  4- 6 |  7- 9 | 10-12 | 13-15 || total
---------------------------+-------+-------+-------+-------+-------++-------
  Melee: Rapier            |    71 |       |    48 |    20 |       ||   139
         Touch             |     6 |       |     8 |     4 |       ||    18
         Great sword       |    20 |    65 |   131 |   188 |       ||   404
         Punch             |       |       |     1 |       |       ||     1
         Katana            |       |       |       |   133 |   299 ||   432
         Unarmed           |       |       |       |     3 |       ||     3
  Throw: Dart              |       |       |    15 |       |       ||    15
         Boomerang         |       |       |       |       |    24 ||    24
         Javelin           |       |       |       |       |     7 ||     7
 Invoke: Greater Servant o |       |       |       |     1 |       ||     1
         Major Destruction |       |       |       |       |     7 ||     7
  Evoke: Wand              |       |       |     3 |     1 |     2 ||     6
         Lightning rod     |       |       |       |     1 |     4 ||     5
    Use: Scroll            |     2 |     3 |    10 |    12 |     2 ||    29
         Potion            |       |     1 |     6 |     3 |       ||    10
   Stab: Sleeping          |     4 |     4 |     5 |       |       ||    13
         Distracted        |       |       |       |     1 |       ||     1
 Armour: Leather armour    |    29 |    26 |    59 |       |       ||   114
         Ice dragon scales |       |       |    25 |   298 |   214 ||   537
  Dodge: Dodged            |    62 |    60 |   129 |   215 |   144 ||   610
  Block: Tower shield      |       |       |       |   159 |   435 ||   594
         Reflection        |       |       |       |     2 |     1 ||     3

Table legend: (Time is in decaauts)
 A = Elapsed time spent in this place.
 B = Non-inter-level travel time spent in this place.
 C = Inter-level travel time spent in this place.
 D = Time resting spent in this place.
 E = Time spent auto-exploring this place.
 F = Levels seen in this place.
 G = Mean time per level.
                   A        B        C        D        E       F      G
               +--------+--------+--------+--------+--------+-----+--------+
         Total |  16459 |  15723 |    736 |   2891 |   9856 |  19 |  866.3 |
       Dungeon |   9895 |   9361 |    534 |   1067 |   6546 |  11 |  899.5 |
        Temple |    213 |    128 |     85 |      0 |    112 |   1 |  213.0 |
          Lair |   5379 |   5263 |    116 |   1444 |   2897 |   5 | 1075.8 |
         Sewer |    225 |    225 |      0 |      0 |    165 |   1 |  225.0 |
        Bailey |    745 |    745 |      0 |    380 |    135 |   1 |  745.0 |
               +--------+--------+--------+--------+--------+-----+--------+

Top non-repeatable levels by time:
  Lair:2: 1567 daAuts
  Lair:3: 1509 daAuts
    D:10: 1408 daAuts
     D:4: 1281 daAuts
     D:2: 1197 daAuts
     D:5: 1161 daAuts
  Lair:1: 1094 daAuts
     D:6: 936 daAuts
     D:3: 915 daAuts
     D:8: 822 daAuts
     D:7: 813 daAuts
  Lair:5: 755 daAuts
  Bailey: 745 daAuts
     D:1: 732 daAuts
     D:9: 610 daAuts
